 Dungeon Crawl Stone Soup version 0.20-a0-927-g1ae2c61 (webtiles) character file.

1507 FrozenPanda the Cudgeler (level 8, -4/78 HPs)
             Began as a Troll Hunter on Mar 28, 2017.
             Was a Priest of Okawaru.
             Hit by a tomahawk thrown by an orc warrior (12 damage)
             ... on level 5 of the Dungeon.
             The game lasted 00:09:11 (3660 turns).

FrozenPanda the Cudgeler (Troll Hunter)             Turns: 3660, Time: 00:09:12

Health: -4/78      AC:  8    Str: 27    XL:     8   Next: 53%
Magic:  7/7        EV: 11    Int:  7    God:    Okawaru [***...]
Gold:   301        SH:  0    Dex: 11    Spells: 7/7 levels left

rFire    . . .     SeeInvis .   m - +3 mace (protect)
rCold    . . .     Gourm    +   (no shield)
rNeg     . . .     Faith    .   b - +0 robe
rPois    .         Spirit   .   (helmet restricted)
rElec    .         Reflect  .   k - +2 cloak {MR+}
rCorr    .         Harm     .   (gloves unavailable)
MR       +....                  (boots unavailable)
Stlth    +.........             (no amulet)
Regen    0.7/turn               r - +5 ring of strength
MPRegen  0.1/turn               x - ring of wizardry

@: very slightly contaminated, hasted, very quick
A: unfitting armour, claws 3, fast metabolism 3, gourmand, regeneration 1,
shaggy fur 1, tough skin 2
a: Heroism, Renounce Religion


You were on level 5 of the Dungeon.
You worshipped Okawaru.
Okawaru was most pleased with you.
You were completely stuffed.

You visited 1 branch of the dungeon, and saw 6 of its levels.

You collected 301 gold pieces.

Inventory:

Hand Weapons
 m - a +3 mace of protection (weapon)
 y - a +0 giant spiked club
Missiles
 c - 10 large rocks (quivered)
 d - 2 throwing nets
Armour
 b - a +0 robe (worn)
 k - a +2 cloak of magic resistance (worn)
Jewellery
 r - a +5 ring of strength (left claw)
 x - a ring of wizardry (right claw)
Wands
 n - a wand of clouds (3/9)
 B - a wand of disintegration (4/24)
 D - a wand of confusion (18/48)
Scrolls
 l - 2 scrolls of enchant weapon
 o - a scroll of fear
 p - 2 scrolls of immolation
 v - 3 scrolls of teleportation
Potions
 e - a potion of mutation
 h - 2 potions of lignification
 i - a potion of curing {unknown}
 j - a potion of magic {unknown}
 q - a potion of flight {unknown}
 s - 3 potions of brilliance
 u - a potion of invisibility {unknown}
 A - a potion of agility {unknown}
Books
 t - a book of Conjurations

   Spells                             Type                      Level
   a - Magic Dart                     Conjuration                  1
   b - Searing Ray                    Conjuration                  2
   c - Dazzling Spray                 Conjuration/Hexes            3
   d - Fulminant Prism                Conjuration/Hexes            4
   e - Force Lance                    Conjuration/Translocation    4
   f - Iskenderun's Mystic Blast      Conjuration                  4
Comestibles
 f - 4 bread rations
 g - 4 meat rations
 w - 4 fruits
 z - a royal jelly
 C - a chunk of flesh


   Skills:
 + Level 4.0 Fighting
 * Level 5.8 Maces & Flails
 + Level 5.8 Throwing
 + Level 4.2 Dodging
 - Level 0.3 Stealth
 - Level 1.2 Unarmed Combat


You had 7 spell levels left.
You didn't know any spells.

Dungeon Overview and Level Annotations

Branches:
Dungeon (6/15)             Temple (0/1) D:6

Altars:
Cheibriados
Gozag
Okawaru
Trog


Innate Abilities, Weirdness & Mutations

You are too large for most types of armour.
You have claws for hands.
Your metabolism is lightning-fast.
You like to eat raw meat.
Your natural rate of healing is unusually fast.
You are covered in fur. (AC +1)
You have very tough skin. (AC +2)


Message History

The orc priest hits you but does no damage.
You closely miss the orc priest.
The orc priest is heavily wounded.
The orc priest barely misses you.
You hit the orc priest.
The orc priest is severely wounded.
The orc warrior hits you with a flail! The orc priest closely misses you.
You are too injured to fight recklessly!
Unknown command.
The orc warrior hits you with a flail!!
* * * LOW HITPOINT WARNING * * *
There is an escape hatch in the ceiling, spattered with blood here.
The orc hits you but does no damage. A mysterious force pulls you upwards.
The hatch slams shut behind you.
You feel yourself speed up. The orc warrior hits you with a flail.
* * * LOW HITPOINT WARNING * * *
The orc hits you but does no damage.
You are very lightly contaminated with residual magic.
The orc warrior throws a tomahawk.
The tomahawk hits you!
You die...

############## ###
###########............###.######
.........['............'.........
.##########............##..#...##
.# #.....@.o....##..#.#.# .#
#....!.......##.##.#.# .####
#......o.............# ....#
###########........#.#####
....####.....#####.#.#...##.....<
>..............................).
.......#.#...#####.#.#...###.####
##'###.#.#.#######.<.....###.#
...##....#......)..####......#


You could see an orc warrior and an orc.

Vanquished Creatures
  Grinder (D:5)
  Duvessa (D:5)
  An ice beast (D:5)
  2 phantoms
  3 ogres
  Blork the orc (D:5)
  Dowan (D:5)
  A howler monkey (D:4)
  4 hounds
  An orc wizard (D:3)
  An orc priest (D:4)
  Crazy Yiuf (D:2)
  Ijyb (D:5)
  2 iguanas
  2 worker ants
  A hound skeleton (D:4)
  8 adders
  2 oozes
  An adder skeleton (D:4)
  A worm (D:3)
  3 dart slugs
  5 leopard geckos
  11 orcs
  2 ball pythons
  5 giant cockroaches
  7 goblins
  6 hobgoblins
  7 jackals
  5 kobolds
  3 quokkas
  7 bats
  4 frilled lizards
  A leopard gecko skeleton (D:4)
  9 rats
111 creatures vanquished.

Notes
Turn   | Place    | Note
-------+----------+-------------------------------------------
     0 | D:1      | FrozenPanda the Troll Hunter began the quest for the Orb.
     0 | D:1      | Reached XP level 1. HP: 19/19 MP: 0/0
    96 | D:1      | Reached XP level 2. HP: 28/28 MP: 1/1
   496 | D:1      | Reached skill level 1 in Unarmed Combat
   525 | D:1      | Reached XP level 3. HP: 35/35 MP: 2/2
   977 | D:2      | Found a snail-covered altar of Cheibriados.
  1039 | D:2      | Found an opulent altar of Gozag.
  1209 | D:2      | Reached skill level 1 in Maces & Flails
  1412 | D:2      | Found a runed door.
  1416 | D:2      | Noticed Crazy Yiuf
  1423 | D:2      | Killed Crazy Yiuf
  1423 | D:2      | Reached XP level 4. HP: 31/42 MP: 0/3
  1628 | D:3      | Found a bloodstained altar of Trog.
  1791 | D:3      | Found an iron altar of Okawaru.
  1821 | D:3      | Became a worshipper of Warmaster Okawaru
  1950 | D:4      | Reached XP level 5. HP: 49/49 MP: 4/4
  2229 | D:4      | Reached XP level 6. HP: 59/59 MP: 5/5
  2360 | D:4      | Reached * piety under Okawaru
  2613 | D:4      | Reached XP level 7. HP: 41/66 MP: 6/6
  2916 | D:5      | Entered Level 5 of the Dungeon
  2927 | D:5      | Reached ** piety under Okawaru
  2927 | D:5      | Reached skill level 5 in Throwing
  3008 | D:5      | Noticed Grinder
  3015 | D:5      | Noticed Blork the orc
  3031 | D:5      | Killed Grinder
  3038 | D:5      | Killed Blork the orc
  3067 | D:5      | Noticed Duvessa
  3082 | D:5      | Noticed Dowan
  3089 | D:5      | Killed Duvessa
  3089 | D:5      | Reached skill level 5 in Maces & Flails
  3089 | D:5      | Reached XP level 8. HP: 46/75 MP: 4/7
  3101 | D:5      | Killed Dowan
  3376 | D:5      | Noticed Ijyb
  3384 | D:5      | Killed Ijyb
  3636 | D:6      | Reached *** piety under Okawaru
  3660 | D:5      | Hit by a tomahawk thrown by an orc warrior

Vault maps used:
D:1:      co_arrival_random_square_maze
D:2:      kennysheep_slug_shrine, nicolae_gozag_seed_capital,
          uniq_crazy_yiuf_cottage
D:3:      old_standard_altar, okawaru_ov_weapons_minmay
D:5:      first_bread, uniq_blork_the_orc, uniq_duvessa, uniq_iyjb, uniq_grinder
D:6:      kennysheep_mini_moat, marbit_many_paths, lemuel_round_altar,
          minmay_temple_entry_statues_pillars

Skill      XL: |  1  2  3  4  5  6  7  8 |
---------------+-------------------------+-----
Unarmed Combat | 1 |  1.2
Dodging        | 2 3 4 |  4.2
Throwing       | 4 5 |  5.8
Maces & Flails | 1 2 3 5 |  5.8
Fighting       | 2 3 4 |  4.0
Stealth        | |  0.3

Action                   |  1- 3 |  4- 6 |  7- 9 || total
-------------------------+-------+-------+-------++-------
Melee: Unarmed           |    74 |       |       ||    74
       Mace              |    56 |   165 |   110 ||   331
       Punch             |     1 |     1 |     1 ||     3
Throw: Large rock        |       |       |     4 ||     4
Invok: Heroism           |       |       |     2 ||     2
  Use: Scroll            |     1 |     4 |     4 ||     9
       Potion            |     1 |       |     1 ||     2
 Stab: Sleeping          |     1 |     2 |     1 ||     4
       Distracted        |     1 |       |       ||     1
  Eat: Chunk             |    19 |    11 |    10 ||    40
Armor: Robe              |    56 |   114 |    45 ||   215
Dodge: Dodged            |    76 |    95 |    65 ||   236
